 Dungeon Crawl Stone Soup version 0.29-a0-330-g52719c12eb (webtiles) character file.

Game seed: 11520356999004747935

415 Gwenloh the Conjurer (level 6, -3/35 HPs)
             Began as a Deep Elf Conjurer on May 5, 2022.
             Was a Believer of Sif Muna.
             Killed from afar by Ijyb (8 damage)
             ... with an iceblast
             ... on level 5 of the Dungeon.
             The game lasted 00:13:22 (5858 turns).

Gwenloh the Conjurer (Deep Elf Conjurer)            Turns: 5858, Time: 00:13:24

Health: -3/35      AC:  4    Str:  4    XL:     6   Next: 60%
Magic:  8/14       EV: 13    Int: 31    God:    Sif Muna [**....]
Gold:   269        SH:  0    Dex: 13    Spells: 4/14 levels left

rFire   + . .      SeeInvis .   x - +0 short sword (elec)
rCold   . . .      Faith    .   (no shield)
rNeg    . . .      Spirit   .   a - +0 robe
rPois   .          Reflect  .   (no helmet)
rElec   .          Harm     .   m - +0 cloak
rCorr   .          Rampage  .   c - +0 pair of gloves
Will    .....                   (no boots)
Stlth   ++........              (no amulet)
HPRegen 0.11/turn               h - +6 ring of intelligence
MPRegen 0.14/turn               r - ring of protection from fire

@: no status effects
A: no striking features
a: Renounce Religion, Channel Magic


You were on level 5 of the Dungeon.
You worshipped Sif Muna.
Sif Muna was pleased with you.
You visited 1 branch of the dungeon, and saw 5 of its levels.

You collected 269 gold pieces.

Inventory:

Hand Weapons
 f - a +1 dagger of speed
 x - a +0 short sword of electrocution (weapon)
Armour
 a - a +0 robe (worn)
 c - a +0 pair of gloves (worn)
 m - a +0 cloak (worn)
Magical Staves
 j - a staff of cold
 k - a staff of poison
Jewellery
 h - a +6 ring of intelligence (left hand)
 r - a ring of protection from fire (right hand)
 u - a ring of resist corrosion
Scrolls
 g - 2 scrolls of enchant armour {unknown}
 i - a scroll of magic mapping {unknown}
 n - a scroll of blinking {unknown}
 p - a scroll of teleportation {unknown}
 q - 3 scrolls of enchant weapon {unknown}
 y - a scroll of identify {unknown}
 z - a scroll of silence {unknown}
 A - a scroll of noise {unknown}
Potions
 b - a potion of magic
 d - a potion of mutation {unknown}
 e - a potion of attraction {unknown}
 l - a potion of lignification {unknown}
 o - a potion of degeneration {unknown}
 s - a potion of resistance {unknown}
 t - 3 potions of might {unknown}
 v - a potion of curing {unknown}
 w - 2 potions of brilliance {unknown}
 B - a potion of ambrosia {unknown}


   Skills:
 + Level 2.0 Fighting
 + Level 4.1 Dodging
 - Level 2.4 Stealth
 + Level 4.6 Spellcasting
 * Level 5.7 Conjurations
 * Level 3.4 Hexes
 + Level 2.1 Invocations


You had 4 spell levels left.
You knew the following spells:

 Your Spells              Type           Power      Damage    Failure   Level
a - Magic Dart            Conj           100%       1d8       1%          1
b - Searing Ray           Conj           84%        2d7       1%          2
c - Dazzling Flash        Conj/Hex       70%        N/A       2%          3
d - Fulminant Prism       Conj/Hex       17%        3d11      9%          4

Your spell library contained the following spells:

 Spells                   Type           Power      Damage    Failure   Level
 Portal Projectile        Hex/Tloc       34%        N/A       9%          3
 Summon Guardian Golem    Hex/Summ       17%        N/A       9%          3
 Call Canine Familiar     Summ           7%         N/A       17%         3
 Iskenderun's Mystic Bla  Conj/Tloc      24%        2d7       17%         4
 Leda's Liquefaction      Hex/Erth       8%         N/A       28%         4
 Summon Ice Beast         Ice/Summ       7%         N/A       50%         4
 Summon Mana Viper        Hex/Summ       17%        N/A       61%         5
 Orb of Destruction       Conj           21%        9d8       99%         7
 Monstrous Menagerie      Summ           3%         N/A       100%        7
 Spellforged Servitor     Conj/Summ      12%        N/A       100%        7


Dungeon Overview and Level Annotations

Branches:
Dungeon (5/15)             Temple (0/1) D:4

Altars:
Ru
Sif Muna

Shops:
D:2 [   D:5 (

Annotations:
D:5 Ijyb


Message History

Sif Muna accepts your kill.
No target in view!
You see here a +2 hand axe of electrocution.
Found a chain mail.
Ijyb the Twisted Goblin comes into view.
She is wielding a +0 dagger and carrying a wand of iceblast (9).
Found a brown potion.
Ijyb shouts!
The magic dart hits Ijyb but does no damage.
The magic dart hits Ijyb.
Ijyb is lightly wounded.
Ijyb zaps a wand.
The mass of ice explodes!
The iceblast engulfs you!!
Ouch! That really hurt!
You hear a shout! x4
Casting: Magic Dart (safe; 1% risk of failure)
Confirm with . or Enter, or press ? or * to list all spells.
You can't see any susceptible monsters within range! (Use Z to cast anyway.) Ijyb zaps a wand.
The mass of ice explodes!
The iceblast engulfs you!
* * * LOW HITPOINT WARNING * * *
Ijyb screams, "Level is mine!
All mine!"
Okay, then.
Casting: Magic Dart (safe; 1% risk of failure)
Confirm with . or Enter, or press ? or * to list all spells.
The spell is quite dangerous to miscast (9% risk of failure)!
Continue anyway?
Uppercase [Y]es or [N]o only, please.
The spell is quite dangerous to miscast (9% risk of failure)!
Continue anyway?
Aiming: Fulminant Prism (quite dangerous; 9% risk of failure)
Press: ? - help, Dir - move target, p - Ijyb You conjure a prism of explosive energy!
A fulminant prism comes into view.
Ijyb hits your fulminant prism with a +0 dagger.
Your fulminant prism crackles loudly.
Casting: Fulminant Prism (quite dangerous; 9% risk of failure)
Confirm with . or Enter, or press ? or * to list all spells.
Aiming: Magic Dart (safe; 1% risk of failure)
Press: ? - help, Shift-Dir - straight line, f - Ijyb
Aim: Ijyb, wielding a +0 dagger, wearing a +0 ring mail and carrying a wand of iceblast (7) (lightly wounded, ally target, 100% to hit)
The magic dart hits Ijyb.
Ijyb is moderately wounded.
Ijyb zaps a wand.
The mass of ice explodes!
The iceblast engulfs you!
You die...

..............!.
.#.............
...#....?....#
...[....g....#
#.......#.#
####......#####
####..........#
#.....####.g..#####
..###.# ###*...@.#
#####.# ####...#
#....# ##### ##...##
######### ....)###
#.......# .......###
#.......# .........#
#.......#
###....#.###.......#
###......#.......#


You could see Ijyb (ally target) and a friendly fulminant prism.

Vanquished Creatures
  An ogre (D:4)
  A jelly (D:5)
  A hound (D:5)
  Natasha (thrice) (D:4)
  7 adders
  2 shadow imps (D:5)
  2 ufetubi
  A worm (D:2)
  13 orcs
  11 endoplasms
  4 giant cockroaches
  5 goblins
  6 hobgoblins
  11 jackals
  7 kobolds
  2 quokkas
  13 ball pythons
  3 bats
  3 frilled lizards (D:2)
  7 rats
103 creatures vanquished.

Vanquished Creatures (others)
  2 fulminant prisms
  27 plants
29 creatures vanquished.

Grand Total: 132 creatures vanquished

Notes
Turn   | Place    | Note
-------+----------+-------------------------------------------
     0 | D:1      | Gwenloh the Deep Elf Conjurer began the quest for the Orb.
     0 | D:1      | Reached XP level 1. HP: 10/10 MP: 6/6
   436 | D:1      | Reached XP level 2. HP: 16/16 MP: 1/8
  1361 | D:1      | Learned a level 2 spell: Searing Ray
  1489 | D:2      | Found a faded altar of an unknown god.
  1528 | D:2      | Reached skill level 1 in Fighting
  1528 | D:2      | Reached XP level 3. HP: 20/20 MP: 3/10
  1584 | D:2      | Found Kynoqeag's Armour Emporium.
  1726 | D:2      | Learned a level 3 spell: Dazzling Flash
  1731 | D:2      | Found a shimmering blue altar of Sif Muna.
  1743 | D:2      | Became a worshipper of Sif Muna the Loreminder
  2245 | D:2      | Reached XP level 4. HP: 25/25 MP: 6/11
  2250 | D:2      | Learned a level 4 spell: Fulminant Prism
  3173 | D:3      | Reached * piety under Sif Muna
  3174 | D:3      | Reached skill level 1 in Hexes
  3262 | D:3      | Reached skill level 1 in Invocations
  4253 | D:4      | Found a staircase to the Ecumenical Temple.
  4295 | D:4      | Reached skill level 5 in Conjurations
  4544 | D:4      | Found a sacrificial altar of Ru.
  4568 | D:4      | Noticed an ogre
  4571 | D:4      | Killed an ogre
  4572 | D:4      | Reached XP level 5. HP: 12/30 MP: 5/13
  4774 | D:4      | Noticed Natasha
  4778 | D:4      | Killed Natasha
  5048 | D:4      | Noticed Natasha
  5050 | D:4      | Killed Natasha
  5051 | D:4      | Reached XP level 6. HP: 35/35 MP: 10/14
  5079 | D:4      | Noticed Natasha
  5087 | D:4      | Killed Natasha
  5271 | D:5      | Entered Level 5 of the Dungeon
  5604 | D:5      | Found Tipuhyo's Hydra Hut.
  5605 | D:5      | Noticed a seven-headed hydra
  5745 | D:5      | Reached ** piety under Sif Muna
  5845 | D:5      | Noticed Ijyb
  5858 | D:5      | Killed from afar by Ijyb

Illustrated notes

Levels and vault maps discovered:
D:1:      evilmike_arrival_plus, layout_loops_corners, minmay_misc_feat_rows,
          serial_bayou_pond_d, dk_noncrumbling_3
D:2:      kennysheep_six_static_rooms, layout_basic, serial_shops,
          nicolae_shop_temple_entry_statues_fountains, basic_altar,
          shapermc_ecumenical_altar_pompeii, minmay_misc_feat_x,
          minmay_misc_feat_roman, lemuel_another_geyser
D:3:      wad_woods_pond, layout_basic
D:4:      layout_rooms, kennysheep_mini, minmay_temple_entry_large_hall,
          dk_noncrumbling_4, minivault_4, minmay_cut_off, uniq_natasha
D:5:      layout_rooms, nrook_pool_corridor, doesnt_shop_hydraphobe, uniq_ijyb

Skill      XL: |  1  2  3  4  5  6 |
---------------+-------------------+-----
Dodging        | 3 4 |  4.1
Fighting       | 1 2 |  2.0
Hexes          | 2 3 |  3.4
Invocations    | 1 2 |  2.1
Spellcasting   | 4 |  4.6
Conjurations   | 5 |  5.7
Stealth        | |  2.4

Action                   |  1- 3 |  4- 6 || total
-------------------------+-------+-------++-------
Melee: Unarmed           |     5 |       ||     5
 Cast: Magic Dart        |    71 |   110 ||   181
       Searing Ray       |     6 |    21 ||    27
       Fulminant Prism   |       |     3 ||     3
Armor: Robe              |     3 |     2 ||     5
Dodge: Dodged            |     8 |    15 ||    23

Table legend: (Time is in decaauts)
 A = Elapsed time spent in this place.
 B = Non-inter-level travel time spent in this place.
 C = Inter-level travel time spent in this place.
 D = Time resting spent in this place.
 E = Time spent auto-exploring this place.
 F = Levels seen in this place.
 G = Mean time per level.
                   A        B        C        D        E       F      G
               +--------+--------+--------+--------+--------+-----+--------+
         Total |   5858 |   5683 |    175 |    266 |   4803 |   5 | 1171.6 |
       Dungeon |   5858 |   5683 |    175 |    266 |   4803 |   5 | 1171.6 |
               +--------+--------+--------+--------+--------+-----+--------+

Top non-repeatable levels by time:
     D:3: 1570 daAuts
     D:1: 1477 daAuts
     D:2: 1252 daAuts
     D:4: 971 daAuts
     D:5: 586 daAuts
